 Dungeon Crawl Stone Soup version 0.30.1-3-gfc49f6343a (webtiles) character file.

Game seed: 7689991007587983603

142 shmup the Firebug (level 5, -1/28 HPs)
             Began as a Tengu Fire Elementalist on July 19, 2023.
             Killed from afar by an orc wizard (9 damage)
             ... with a puff of flame
             ... on level 3 of the Dungeon.
             The game lasted 00:06:38 (2898 turns).

shmup the Firebug (Tengu Fire Elementalist)         Turns: 2898, Time: 00:06:38

Health: -1/28      AC:  2    Str:  8    XL:     5   Next: 24%
Magic:  8/9        EV: 14    Int: 18    God:
Gold:   87         SH:  0    Dex: 14    Spells: 5/8 levels left

rFire   . . .        o - +0 dagger (elec)
rCold   . . .        (no shield)
rNeg    + . .        a - +0 robe
rPois   .            (helmet restricted)
rElec   .            (no cloak)
rCorr   .            (no gloves)
SInv    .            (boots unavailable)
Will    .....        (no amulet)
Stlth   +            r - ring of positive energy
HPRegen 0.24/turn    (no ring)
MPRegen 0.11/turn

%: no passive effects
@: confused, flying quickly and evasively, quick
A: beak, talons 3, nimble flight
a: no special abilities


You were on level 3 of the Dungeon.
You visited 1 branch of the dungeon, and saw 3 of its levels.

You collected 87 gold pieces.

Inventory:

Hand Weapons
 f - a +0 short sword
 o - a +0 dagger of electrocution (weapon)
Missiles
 e - 16 stones (quivered)
 g - 8 poisoned darts
 l - 3 boomerangs of dispersal
Armour
 a - a +0 robe (worn)
Jewellery
 r - a ring of positive energy (left hand)
Scrolls
 c - 2 scrolls of teleportation {unknown}
 d - 2 scrolls of amnesia {unknown}
 j - 2 scrolls of identify {unknown}
 k - a scroll of immolation {unknown}
 m - a scroll of magic mapping {unknown}
 p - a scroll of enchant weapon {unknown}
 s - a scroll of blinking {unknown}
Potions
 b - a potion of magic
 h - 2 potions of lignification {unknown}
 i - a potion of resistance {unknown}
 n - a potion of curing {unknown}
 q - a potion of might {unknown}


   Skills:
 - Level 2.1 Dodging
 - Level 2.0 Stealth
 - Level 2.0 Spellcasting
 + Level 3.7 Conjurations
 * Level 5.5 Fire Magic


You had 5 spell levels left.
You knew the following spells:

 Your Spells              Type           Power      Damage    Failure   Level
a - Foxfire               Conj/Fire      72%        2x1d7     2%          1
b - Scorch                Fire           42%        2d6       2%          2

Your spell library contained the following spells:

 Spells                   Type           Power      Damage    Failure   Level
 Inner Flame              Hex/Fire       11%        N/A       17%         3
 Volatile Blastmotes      Fire/Tloc      22%        2d11      17%         3
 Beastly Appendage        Tmut           2%         N/A       19%         1
 Wereblood                Tmut           1%         N/A       26%         2
 Flame Wave               Conj/Fire      18%        2d7       26%         4
 Sticky Flame             Conj/Fire      18%        2d4       26%         4
 Spider Form              Tmut/Pois      1%         N/A       47%         3


Dungeon Overview and Level Annotations

Branches:
Dungeon (3/15)

Altars:

Shops:
D:1 (   D:2 *


Innate Abilities, Weirdness & Mutations

You have a beak for a mouth.
You have claws for feet.
Your magical nature lets you fly swiftly and evasively.


Message History

You are confused.
You hear some strange, mumbled words.
You are more confused.
You're too confused to move!
Something barely misses you.
The orc wizard hits you with a +0 dagger.
You bump into the rock wall.
An orc wizard appears from thin air!
Reactivating autopickup.
The orc wizard casts a spell at you. You resist with some effort.
The orc wizard points at you and mumbles some strange words.
You resist with some effort.
You miss the orc wizard. Your kick misses the orc wizard.
The orc wizard is almost dead.
The orc wizard hits you with a +0 dagger.
The orc wizard points at you and mumbles some strange words.
The magic dart hits you!
* * * LOW HITPOINT WARNING * * *
Unknown command.
You're too confused to cast spells.
You bump into the rock wall.
The orc wizard hits you with a +0 dagger.
* * * LOW HITPOINT WARNING * * *
The orc wizard points at you and mumbles some strange words.
You resist with some effort.
Unknown command.
You're too confused to cast spells.
The orc wizard hits you with a +0 dagger.
* * * LOW HITPOINT WARNING * * *
Unknown command.
Unknown command.
You're too confused to cast spells.
You're too confused to move!
The orc wizard hits you with a +0 dagger.
* * * LOW HITPOINT WARNING * * *
The orc wizard closely misses you.
Unknown command.
You're too confused to cast spells.
The orc wizard points at you and mumbles some strange words.
The puff of flame hits you!
You die...

▒▒▒▒▒....▒ ▒........▒▒▒▒▒▒▒▒
▒..▒.▒..........▒
▒.▒.▒.▒.▒.▒▒▒▒▒.▒ ▒..▒_▒..▒.▒
▒.▒ ▒.▒.▒.▒...▒ ▒.▒
▒..▒.▒....▒▒▒▒▒.▒▒▒▒▒▒▒▒▒▒▒
▒.......▒......>..o........
▒..▒▒......▒▒▒▒.Q.o.▒▒▒▒▒▒...▒▒
▒▒......▒▒.▒ ▒.▒▒▒..▒ ▒.....▒..
▒▒▒▒....▒.▒..▒.▒
▒▒.▒▒▒▒........ ▒▒.▒<.....▒.▒
▒)..▒▒....▒... ▒.▒)▒.▒▒.▒.▒
▒▒▒..▒....▒▒). ▒.▒[....
...▒▒▒▒▒▒'▒....▒▒..
..).........▒...........▒▒..
..........% ▒...........▒...
▒.........[. ▒...........▒...


You could see 2 orc wizards.

Vanquished Creatures
  2 orc wizards (D:3)
  2 adders
  3 dart slugs
  An orc (D:3)
  5 bats
  6 endoplasms
  5 giant cockroaches
  8 goblins
  5 hobgoblins
  4 jackals (D:2)
  7 kobolds
  3 ball pythons
  5 frilled lizards
  7 rats
63 creatures vanquished.

Vanquished Creatures (others)
  116 foxfires
116 creatures vanquished.

Grand Total: 179 creatures vanquished

Notes
Turn   | Place    | Note
-------+----------+-------------------------------------------
     0 | D:1      | shmup the Tengu Fire Elementalist began the quest for the
                  | Orb.
     0 | D:1      | Reached XP level 1. HP: 10/10 MP: 4/4
    38 | D:1      | You fall into a shaft and drop 1 floor!
   171 | D:2      | Reached XP level 2. HP: 10/15 MP: 3/6
   179 | D:2      | Learned a level 2 spell: Scorch
   262 | D:2      | Reached skill level 4 in Fire Magic
   619 | D:2      | Reached XP level 3. HP: 19/19 MP: 2/7
   768 | D:2      | Found Beiwom's General Store.
  1959 | D:1      | Reached XP level 4. HP: 24/24 MP: 5/8
  2475 | D:1      | Found Ramarazo's Antique Weapon Shoppe.
  2576 | D:3      | Found a faded altar of an unknown god.
  2586 | D:3      | Reached skill level 5 in Fire Magic
  2646 | D:3      | Gained mutation: Your magical nature lets you fly swiftly
                  | and evasively. [Tengu growth]
  2646 | D:3      | Reached XP level 5. HP: 19/28 MP: 0/9
  2898 | D:3      | Killed from afar by an orc wizard

Illustrated notes

Levels and vault maps discovered:
D:1:      shiori_arrival_maze, layout_loops_ring, serial_shops, shop,
          minmay_tromino_mix6
D:2:      layout_basic, serial_shops, shop, guppyfry_early_lair_pool
D:3:      layout_basic, tso_oasis_becter, mainiacjoe_overflow_paths,
          grunt_temple_overflow_open, gammafunk_ghost_cemetery,
          chequers_ecumenical_altar_simple_redux, minmay_misc_feat_square,
          uniq_robin

Skill      XL: |  1  2  3  4 |
---------------+-------------+-----
Conjurations   | 2 3 |  3.7
Fire Magic     | 4 5 |  5.5
Dodging        | |  2.1
Stealth        | |  2.0
Spellcasting   | |  2.0

Action                     |  1- 3 |  4- 6 || total
---------------------------+-------+-------++-------
  Melee: Unarmed           |     2 |       ||     2
         Kick              |     4 |       ||     4
         Short sword       |    19 |       ||    19
         Peck              |     3 |       ||     3
         Dagger            |       |     4 ||     4
   Cast: Foxfire           |    53 |    21 ||    74
         Scorch            |     8 |    10 ||    18
 Armour: Robe              |     6 |     6 ||    12
  Dodge: Dodged            |    32 |     7 ||    39
